 Dungeon Crawl Stone Soup version 0.25.1-1-g288607f5aa (webtiles) character file.

Game seed: 366383087583156954

2332 graki42 the Basher (level 9, -6/82 HPs)
             Began as a Naga Monk on July 29, 2020.
             Was an Elder of Cheibriados.
             Engulfed by a steam dragon's steam (32 damage)
             ... on level 7 of the Dungeon.
             The game lasted 00:22:31 (7333 turns).

graki42 the Basher (Naga Monk)                      Turns: 7333, Time: 00:22:32

Health: -6/82      AC:  7    Str: 22    XL:     9   Next: 42%
Magic:  9/9        EV: 11    Int: 20    God:    Cheibriados [****..]
Gold:   424        SH:  0    Dex: 22    Spells: 8/8 levels left

rFire    . . .     SeeInvis +   k - +11 mace of Defiance {freeze, *Noise +Blink rN+}
rCold    . . .     Gourm    .   (no shield)
rNeg     + . .     Faith    .   h - +0 scale mail (curse)
rPois    +         Spirit   .   (no helmet)
rElec    .         Reflect  .   (no cloak)
rCorr    .         Harm     .   (no gloves)
MR       ++...                  (no barding)
Stlth    ++........             (no amulet)
HPRegen  0.23/turn              a - -4 ring of strength (curse)
MPRegen  0.11/turn              d - ring of protection from magic

@: very slow
A: large, see invisible, deformed body, poison resistance, slowness 2, slow
metabolism 1, spit poison 1, AC +3
a: Spit Poison, Bend Time, Temporal Distortion, Slouch, Renounce Religion, Evoke
Blink


You were on level 7 of the Dungeon.
You worshipped Cheibriados.
Cheibriados was greatly pleased with you.
You were not hungry.

You visited 2 branches of the dungeon, and saw 9 of its levels.

You collected 424 gold pieces.

Inventory:

Hand Weapons
 i - a +2 whip of electrocution
 j - a +2 vorpal hunting sling
 k - the +11 mace of Defiance (weapon) {freeze, *Noise +Blink rN+}
   (You found it on level 4 of the Dungeon)

   It has been specially enchanted to freeze those struck by it, causing extra
   injury to most foes and up to half again as much damage against particularly
   susceptible opponents.
   It can also slow down cold-blooded creatures.
   It protects you from negative energy.
   It lets you blink.
   It may make noises in combat.
Armour
 h - a cursed +0 scale mail (worn)
 o - a +0 chain mail
 r - a +0 plate armour
Jewellery
 a - a cursed -4 ring of strength (left hand)
 d - a ring of protection from magic (right hand)
 t - an uncursed ring of protection from cold {unknown}
 v - an uncursed ring of fire {unknown}
 z - a cursed ring of teleportation {unknown}
 A - an uncursed ring of poison resistance {unknown}
 B - a cursed amulet of inaccuracy {unknown}
Wands
 x - a wand of paralysis (7)
 D - a wand of polymorph (7)
Scrolls
 b - a scroll of magic mapping
 e - 10 scrolls of identify
 g - a scroll of enchant weapon
 m - 2 scrolls of teleportation
 y - a scroll of immolation
Potions
 f - 2 potions of brilliance (quivered)
 l - a potion of curing
 n - a potion of resistance
 p - a potion of flight {unknown}
 q - a potion of heal wounds {unknown}
 s - a potion of degeneration {unknown}
 u - a potion of cancellation {unknown}
 w - a potion of might
Comestibles
 c - 9 rations
 C - 3 chunks of flesh


   Skills:
 + Level 5.8 Fighting
 + Level 8.1 Maces & Flails
 + Level 5.6 Armour
 + Level 4.0 Dodging
 + Level 4.7 Stealth
 + Level 0.7 Invocations


You had 8 spell levels left.
You didn't know any spells.
Your spell library contained the following spells:

 Spells                   Type           Power        Failure   Level  Hunger
 Animate Skeleton         Necr           N/A          43%         1    ##.....
 Apportation              Tloc           #.....       43%         1    ##.....
 Corona                   Hex            #......      43%         1    ##.....
 Summon Small Mammal      Summ           #...         43%         1    ##.....


Dungeon Overview and Level Annotations

Branches:
Dungeon (8/15)             Temple (1/1) D:4
   Lair: D:8-11

Altars:
Ashenzari
Cheibriados
Dithmenos
Elyvilon
Fedhas
Gozag
Hepliaklqana
Kikubaaqudgha
Makhleb
Nemelex Xobeh
Okawaru
Qazlal
Ru
Sif Muna
Trog
Uskayaw
Vehumet
Wu Jian
Xom
Yredelemnul
Zin
The Shining One

Shops:
D:5 =   D:8 [


Innate Abilities, Weirdness & Mutations

You cannot wear boots.
Your serpentine skin is tough. (AC +3)
You have supernaturally acute eyesight. (SInv)
Armour fits poorly on your strangely shaped body.
Your system is resistant to poisons. (rPois)
You cover ground very slowly.
You have a slow metabolism.
You can spit poison.


Message History

The shadow imp summons a swarm of flies.
Found a crooked bronze wand.
Found an escape hatch in the ceiling.
You are engulfed in a cloud of scalding steam.
The steam dragon barely misses you. The steam dragon misses you.
The shadow imp is engulfed in a cloud of scalding steam.
The steam dragon closely misses you. The steam dragon claws you.
The shadow imp closely misses you. The steam dragon breathes steam at you.
The ball of steam hits you! The shadow imp barely misses you.
The centaur shouts!
The shadow imp closely misses you. The worker ant closely misses you.
The steam dragon closely misses you. The steam dragon claws you.
The shadow imp completely misses you. The worker ant barely misses you.
The worker ant barely misses you. The steam dragon breathes steam at you.
The ball of steam hits you! The worker ant barely misses you.
The steam dragon closely misses you.
The steam dragon claws you but does no damage.
You are engulfed in a cloud of scalding steam.
You die...

#....######......# .#
.................## ..#
..................##...#
.<.....................#
.........(..####..######
.......5....# #........
#....caD##### ########.
....###§# #. ... #@# #.
.. #§# #. #§# #. ..# #.
### #. #. #. #. #.


You could see a steam dragon (catching breath), a worker ant and a shadow imp.

Vanquished Creatures
  A polar bear (D:8)
  Duvessa (D:6)
  An orc warrior (D:6)
  2 ice beasts
  A phantom (D:7)
  A sky beast (D:7)
  4 ogres
  A centaur (D:7)
  2 big kobolds
  Dowan (D:6)
  A water moccasin skeleton (D:2)
  2 scorpions
  2 howler monkeys (D:7)
  3 crimson imps
  A hound (D:5)
  2 bullfrog skeletons
  5 orc priests
  An iguana (D:5)
  3 orc wizards
  4 worker ants
  A howler monkey skeleton (D:4)
  6 adders
  A river rat (D:4)
  A white imp (D:8)
  An adder zombie (D:7)
  4 worms
  A dart slug (D:4)
  4 leopard geckos
  27 orcs
  5 ball pythons
  4 giant cockroaches
  5 goblins
  7 hobgoblins
  6 jackals
  A quokka (D:7)
  4 bats
  2 frilled lizards
  12 kobolds
  6 rats
137 creatures vanquished.

Notes
Turn   | Place    | Note
-------+----------+-------------------------------------------
     0 | D:1      | graki42 the Naga Monk began the quest for the Orb.
     0 | D:1      | Reached XP level 1. HP: 21/21 MP: 1/1
   376 | D:1      | Reached XP level 2. HP: 28/28 MP: 2/2
   863 | D:2      | Reached XP level 3. HP: 30/34 MP: 3/3
   867 | D:2      | Reached XP level 4. HP: 29/44 MP: 4/4
  1168 | D:2      | Found a bloodstained altar of Trog.
  1447 | D:3      | Found a hazy altar of Hepliaklqana.
  1516 | D:3      | Reached skill level 4 in Maces & Flails
  1745 | D:3      | Found a shattered altar of Ashenzari.
  1808 | D:3      | Reached XP level 5. HP: 49/50 MP: 5/5
  1828 | D:3      | Reached skill level 1 in Armour
  2608 | D:4      | Found a white marble altar of Elyvilon.
  2608 | D:4      | Found a glowing silver altar of Zin.
  2609 | D:4      | Found a shadowy altar of Dithmenos.
  2611 | D:4      | Found a blossoming altar of Fedhas.
  2646 | D:4      | Noticed an ogre
  2650 | D:4      | Killed an ogre
  2650 | D:4      | Reached skill level 5 in Maces & Flails
  2650 | D:4      | Reached XP level 6. HP: 36/57 MP: 6/6
  3035 | D:4      | Reached XP level 7. HP: 51/66 MP: 7/7
  3159 | D:4      | Found a staircase to the Ecumenical Temple.
  3172 | Temple   | Entered the Ecumenical Temple
  3207 | Temple   | Became a worshipper of Cheibriados the Contemplative
  3207 | Temple   | Reached * piety under Cheibriados
  3207 | Temple   | Reached ** piety under Cheibriados
  3240 | D:4      | Got a jewelled mace
  3241 | D:4      | Identified the +11 mace of Defiance {freeze, *Noise +Blink
                  | rN+} (You found it on level 4 of the Dungeon)
  3884 | D:5      | Entered Level 5 of the Dungeon
  4087 | D:5      | Found Vuta Tia's Jewellery Boutique.
  4090 | D:5      | Reached skill level 6 in Maces & Flails
  4652 | D:6      | Noticed Dowan
  4653 | D:6      | Reached XP level 8. HP: 73/73 MP: 8/8
  4657 | D:6      | Noticed Duvessa
  4673 | D:6      | Killed Duvessa
  4673 | D:6      | Reached skill level 5 in Fighting
  4678 | D:6      | Killed Dowan
  5157 | D:6      | Reached *** piety under Cheibriados
  5541 | D:6      | Found a burning altar of Makhleb.
  5541 | D:6      | Found a shimmering blue altar of Sif Muna.
  5787 | D:7      | Reached skill level 7 in Maces & Flails
  6179 | D:7      | You fall into a shaft and drop 1 floor!
  6265 | D:8      | Reached XP level 9. HP: 78/81 MP: 9/9
  6286 | D:8      | Reached **** piety under Cheibriados
  6471 | D:8      | Found Siphenua's Antique Armour Shop.
  6622 | D:8      | Noticed a polar bear
  6631 | D:8      | Killed a polar bear
  6631 | D:8      | Reached skill level 5 in Armour
  6971 | D:7      | Reached skill level 8 in Maces & Flails
  7320 | D:7      | Found a bloodstained altar of Trog.
  7333 | D:7      | Engulfed by a steam dragon's steam

Illustrated notes

Levels and vault maps discovered:
D:1:      dpeg_arrival_tiny_k, layout_loops_ring
D:2:      layout_basic, bloody_trog
D:3:      layout_loops_cross, lemuel_crystal_altar, lemuel_round_altar,
          first_ration
D:4:      layout_basic, grunt_temple_overflow_open,
          minmay_temple_entry_drinking_statues, gup_sewer_entry_bowl
D:5:      layout_basic, serial_shops, shop
D:6:      layout_cave_pods, gammafunk_temple_overflow_wave,
          mrwooster_statue_mirror, uniq_duvessa
D:7:      layout_basic, trog_three_pillars_becter
D:8:      layout_loops_corners, serial_shops, shop, serial_ice, serial_ice_m,
          serial_ice_o, serial_ice_j, serial_ice_a, gammafunk_ghost_ooze
Temple:   cyrus_circular_temple

Skill      XL: |  1  2  3  4  5  6  7  8  9 |
---------------+----------------------------+-----
Maces & Flails | 4 5 6 7 8 |  8.1
Dodging        | 3 4 |  4.0
Armour         | 1 2 3 4 5 |  5.6
Fighting       | 4 5 |  5.8
Stealth        | 4 |  4.7
Invocations    | |  0.7

Action                   |  1- 3 |  4- 6 |  7- 9 || total
-------------------------+-------+-------+-------++-------
Melee: Mace              |    35 |       |   171 ||   206
       Whip              |    12 |   133 |    12 ||   157
Invok: Bend Time         |       |       |     2 ||     2
 Abil: Spit Poison       |       |       |     2 ||     2
  Use: Scroll            |       |     4 |     3 ||     7
       Potion            |       |     2 |     2 ||     4
 Stab: Sleeping          |     1 |       |     2 ||     3
       Distracted        |       |       |     1 ||     1
  Eat: Chunk             |       |     5 |     8 ||    13
Armor: Robe              |     5 |       |       ||     5
       Ring mail         |    14 |    19 |       ||    33
       Scale mail        |       |    20 |    92 ||   112
Dodge: Dodged            |    16 |    50 |   111 ||   177
